 Dungeon Crawl Stone Soup version 0.27.0-1-g7a089689b8 (webtiles) character file.

Game seed: 3379125560169955953

15 Spaninq the Cutter (level 2, -1/17 HPs)
             Began as a Vampire Warper on Aug 8, 2021.
             Slain by an adder (2 damage)
             ... on level 2 of the Dungeon.
             The game lasted 00:01:02 (157 turns).

Spaninq the Cutter (Vampire Warper)                  Turns: 157, Time: 00:01:02

Health: -1/17      AC:  3    Str: 10    XL:     2   Next: 34%
Magic:  5/5        EV: 12    Int: 15    God:
Gold:   18         SH:  0    Dex: 13    Spells: 5/5 levels left

rFire    . . .     SeeInvis +   a - +0 short sword
rCold    + + .     Faith    .   (no shield)
rNeg     + + +     Spirit   .   b - +0 leather armour
rPois    ∞         Reflect  .   (no helmet)
rElec    .         Harm     .   (no cloak)
rCorr    .         Rampage  .   (no gloves)
Will     .....                  (no boots)
Stlth    +++.......             (no amulet)
HPRegen  0.00/turn              (no ring)
MPRegen  0.09/turn              (no ring)

@: lethally poisoned (-1 -> -1), bloodless, inhibited regen
A: bloodless, fangs 3, see invisible, vampiric 1
a: Revivify


You were on level 2 of the Dungeon.
You visited 1 branch of the dungeon, and saw 2 of its levels.

You collected 18 gold pieces.

Inventory:

Hand Weapons
 a - a +0 short sword (weapon)
Missiles
 d - 5 boomerangs of dispersal (quivered)
Armour
 b - a +0 leather armour (worn)
Scrolls
 c - a scroll of blinking
 e - a scroll of torment {unknown}


   Skills:
 + Level 2.0 Fighting
 * Level 2.7 Short Blades
 - Level 0.7 Throwing
 + Level 1.0 Armour
 + Level 2.4 Dodging
 - Level 2.0 Spellcasting
 - Level 2.4 Translocations


You had 5 spell levels left.
You didn't know any spells.
Your spell library contained the following spells:

 Spells                   Type           Power      Damage    Failure   Level
 Blink                    Tloc           N/A        N/A       17%         2
 Gell's Gravitas          Tloc           4%         N/A       34%         3
 Lesser Beckoning         Tloc           4%         N/A       34%         3
 Teleport Other           Tloc           8%         N/A       34%         3
 Manifold Assault         Tloc           8%         N/A       97%         5


Dungeon Overview and Level Annotations

Branches:
Dungeon (1/15)

Altars:


Innate Abilities, Weirdness & Mutations

You do not regenerate when monsters are visible.
You are frail without blood (-20% HP).
You can heal yourself when you bite living creatures.
You are immune to poison.
You have razor-sharp teeth.
You have supernaturally acute eyesight. (SInv)
You are afflicted with vampirism.


Message History

You feel sick. The adder bites you but does no damage.
You continue bloodletting.
You feel sick. The adder bites you. x2
You are lethally poisoned!
The adder poisons you!
You continue bloodletting.
You feel sick. The adder closely misses you.
Now bloodless.
You hit the adder.
The adder is severely wounded.
The adder bites you but does no damage.
You hit the adder.
You kill the adder!
The adder barely misses you.
Your Fighting skill increases to level 2!
Your Armour skill increases to level 1!
You have reached level 2!
You completely miss the adder. The adder completely misses you.
You miss the adder. The adder bites you but does no damage.
You closely miss the adder. The adder misses you. x2
You closely miss the adder. The adder bites you.
* * * LOW HITPOINT WARNING * * *
You miss the adder. The adder misses you.
You miss the adder. The adder misses you.
You miss the adder. Your bite misses the adder. The adder bites you.
* * * LOW HITPOINT WARNING * * *
The adder bites you.
* * * LOW HITPOINT WARNING * * *
You aren't carrying any potions.
You completely miss the adder. The adder bites you but does no damage.
You hit the adder.
The adder is lightly wounded.
The adder barely misses you.
You barely miss the adder.
The adder is lightly wounded.
The adder barely misses you.
You hit the adder but do no damage.
The adder is lightly wounded.
The adder bites you.
You die...

#########
#.......#
#.#####@# #
#.#####S###...>
#.##...........
#.##.##.###....
#.##.##.# ?.
#.......#
#########.######.
#....)...........
#.#######.######.


You could see an adder.

Vanquished Creatures
  An adder (D:2)
  A goblin (D:2)
  2 hobgoblins
  A quokka (D:2)
  A rat (D:1)
6 creatures vanquished.

Notes
Turn   | Place    | Note
-------+----------+-------------------------------------------
     0 | D:1      | Spaninq the Vampire Warper began the quest for the Orb.
     0 | D:1      | Reached XP level 1. HP: 16/16 MP: 3/3
    62 | D:1      | You fall into a shaft and drop 1 floor!
   147 | D:2      | Reached skill level 1 in Armour
   147 | D:2      | Reached XP level 2. HP: 5/17 MP: 5/5
   157 | D:2      | Slain by an adder

Illustrated notes

Levels and vault maps discovered:
D:1:      grunt_arrival_crossed_arrows, layout_loops_ring, serial_shops,
          nicolae_shop_waterfront
D:2:      layout_loops_ring, hellmonk_ecumenical_altar_zigzags

Skill      XL: |  1 |
---------------+----+-----
Fighting       | 2 |  2.0
Armour         | 1 |  1.0
Short Blades   | |  2.7
Throwing       | |  0.7
Dodging        | |  2.4
Spellcasting   | |  2.0
Translocations | |  2.4

Action                   || total
-------------------------++-------
Melee: Short sword       ||    27
       Bite              ||     3
 Abil: Exsanguinate      ||     1
Armor: Leather armour    ||     8
Dodge: Dodged            ||    15
